 Dungeon Crawl Stone Soup version 0.18.1-48-g4cf74bf (webtiles) character file.

6963 Inkary the Cleaver (level 11, -1/101 HPs)
             Began as a Hill Orc Gladiator on Aug 30, 2016.
             Was a High Priest of Okawaru.
             Slain by a molten gargoyle
             ... wielding a +0 mace
              (13 damage)
             ... on level 11 of the Dungeon.
             The game lasted 00:19:35 (9319 turns).

Inkary the Cleaver (Hill Orc Gladiator)             Turns: 9319, Time: 00:19:36

Health: -1/101     AC: 20    Str: 24    XL:     11   Next: 7%
Magic:  14/14      EV: 14    Int: 12    God:    Okawaru [*****.]
Gold:   356        SH:  6    Dex: 14    Spells: 0 memorised, 10 levels left

rFire  . . .     SeeInvis .     a - +3 war axe
rCold  . . .     Gourm    .     g - +0 scale mail of Duirauku {Int+4}
rNeg   . . .     Faith    .     I - +0 buckler
rPois  .         Spirit   .     (helmet restricted)
rElec  .         Dismiss  .     U - +1 cloak {MR+}
rCorr  .         Reflect  .     s - +2 pair of gloves
SustAt .         Harm     .     A - +0 pair of boots
MR     +....                    (no amulet)
Stlth  ..........               K - +5 ring of protection
                                m - +3 ring of evasion

@: mighty, somewhat resistant to hostile enchantments, extremely unstealthy
A: antennae 1, screaming 1, slow regeneration 1, subdued magic 1
a: Heroism, Finesse, Renounce Religion


You were on level 11 of the Dungeon.
You worshipped Okawaru.
Okawaru was extremely pleased with you.
You were not hungry.

You visited 2 branches of the dungeon, and saw 12 of its levels.

You collected 580 gold pieces.
You spent 224 gold pieces at shops.

Inventory:

Hand Weapons
 a - a +3 war axe (weapon)
Missiles
 d - 4 throwing nets (quivered)
 O - 7 javelins of penetration
Armour
 g - the +0 scale mail of Duirauku (worn) {Int+4}
   (You found it on level 4 of the Dungeon)

   It affects your intelligence (+4).
 k - a +0 cloak
 s - a +2 pair of gloves (worn)
 A - a +0 pair of boots (worn)
 I - a +0 buckler (worn)
 U - a +1 cloak of magic resistance (worn)
Rods
 F - a +0 lightning rod (10/10)
   (You found it on level 5 of the Dungeon)
Jewellery
 m - a +3 ring of evasion (left hand)
 K - a +5 ring of protection (right hand)
Wands
 b - a wand of digging (11/24)
 q - a wand of digging (24/24)
 C - a wand of paralysis (19/24)
 E - a wand of paralysis (8/24)
 H - a wand of paralysis (13/24)
 M - a wand of lightning (3/15)
 Q - a wand of flame (23/48)
Scrolls
 h - 2 scrolls of teleportation
 i - 2 scrolls of enchant armour
 v - 6 scrolls of remove curse
Potions
 e - 2 potions of might
 j - 2 potions of flight
 n - 4 potions of brilliance
 r - a potion of haste {unknown}
 t - a potion of heal wounds {unknown}
 z - a potion of berserk rage
 G - a potion of cure mutation {unknown}
 L - 2 potions of curing
 N - a potion of magic
 R - a potion of ambrosia {unknown}
 S - a potion of agility {unknown}
Comestibles
 c - 5 chunks of flesh
 f - 5 bread rations
 o - 2 beef jerkies
 p - a fruit
 w - 2 royal jellies
 T - a meat ration


   Skills:
 + Level 10.8 Fighting
 + Level 11.6 Axes
 - Level 1.7 Throwing
 + Level 9.2 Armour
 - Level 2.4 Dodging
 - Level 6.7 Shields
 + Level 4.5 Invocations


You had 10 spell levels left.
You didn't know any spells.

Dungeon Overview and Level Annotations

Branches:
Dungeon (11/15)            Temple (1/1) D:6            Lair (0/8) D:10
    Orc (0/2) D:9

Altars:
Ashenzari
Cheibriados
Dithmenos
Fedhas
Gozag
Makhleb
Nemelex Xobeh
Okawaru
Pakellas
Qazlal
Ru
Sif Muna
Trog
Vehumet
Xom
Zin
The Shining One

Shops:
D:9 :*(   D:10 [}!


Innate Abilities, Weirdness & Mutations

You have a pair of small antennae on your head.
You occasionally shout uncontrollably at your foes.
You regenerate slowly when monsters are visible.
Your spells are a little easier to cast, but a little less powerful.


Message History

You are too injured to fight recklessly!
Unknown command.
Drink which item? (? for menu, Esc to quit)
You feel better. You block the molten gargoyle's attack.
Drink which item? (? for menu, Esc to quit)
You feel very mighty all of a sudden. You block the molten gargoyle's attack.
You barely miss the molten gargoyle.
The molten gargoyle is lightly damaged.
You closely miss the molten gargoyle.
The molten gargoyle is lightly damaged.
The molten gargoyle blasts magma at you!
The bolt of magma hits you!
* * * LOW HITPOINT WARNING * * *
You barely miss the molten gargoyle.
The molten gargoyle is lightly damaged.
The molten gargoyle hits you with a mace!
* * * LOW HITPOINT WARNING * * *
You are engulfed in flames!
You die...

###≈≈≈###
#<..≈..<#
###≈.§###
##≈§≈##
#§§.≈≈#
##§§.≈≈##
#§§§≈≈§≈#
##§§.##≈≈#
#≈≈@##
#≈≈#
#≈.9## #≈#
#≈≈..## ≈#
#§≈...# #
##≈≈...S≈#
##≈≈...≈#
#≈≈≈..≈≈#
##≈§§..§#
##≈≈..##


You could see a molten gargoyle.

Vanquished Creatures
  2 hill giants (D:10)
  Sigmund (D:3)
  2 wyverns (D:10)
  4 yaks (D:10)
  A hill giant zombie (D:9)
  A hippogriff (D:9)
  2 hungry ghosts
  Edmund (D:6)
  2 ice beasts
  An orc warrior (D:10)
  An eye of draining (D:10)
  2 black bears
  A necrophage (D:8)
  3 phantoms (D:9)
  2 ogres
  3 centaurs
  7 giant frogs
  A troll zombie (D:9)
  2 scorpions
  7 killer bees
  2 howler monkeys
  10 wights
  11 crimson imps
  A centaur zombie (D:10)
  A lava snake (D:11)
  A wasp zombie (D:10)
  A giant frog skeleton (D:6)
  9 hounds
  2 orc priests
  2 jellies
  5 orc wizards
  2 centaur skeletons
  Jessica (D:2)
  2 iguanas
  7 worker ants
  4 ogre zombies (D:9)
  A worker ant zombie (D:7)
  6 gnolls
  11 adders
  3 shadow imps
  3 white imps (D:9)
  2 oozes
  An adder zombie (D:5)
  An adder skeleton (D:7)
  3 worms
  3 dart slugs
  2 giant geckos (D:3)
  24 orcs
  5 ball pythons
  4 giant cockroaches
  5 goblins
  9 hobgoblins
  7 jackals
  8 kobolds
  2 quokkas
  A ball python skeleton (D:4)
  4 bats
  A giant gecko skeleton (D:5)
  9 giant newts
  A goblin skeleton (D:9)
  A goblin zombie (D:9)
  A hobgoblin zombie (D:9)
  An orc skeleton (D:9)
  15 orc zombies (D:9)
  13 rats
254 creatures vanquished.

Notes
Turn   | Place    | Note
--------------------------------------------------------------
     0 | D:1      | Inkary the Hill Orc Gladiator began the quest for the Orb.
     0 | D:1      | Reached XP level 1. HP: 18/18 MP: 1/1
    59 | D:1      | Reached XP level 2. HP: 24/25 MP: 2/2
   322 | D:1      | Reached skill level 1 in Armour
   538 | D:1      | Reached XP level 3. HP: 28/31 MP: 3/3
  1298 | D:2      | Reached XP level 4. HP: 33/40 MP: 4/4
  1405 | D:2      | Reached skill level 5 in Axes
  1667 | D:2      | Found an iron altar of Okawaru.
  1678 | D:2      | Became a worshipper of Warmaster Okawaru
  1718 | D:2      | Noticed Jessica
  1725 | D:2      | Killed Jessica
  1725 | D:2      | Reached XP level 5. HP: 43/46 MP: 5/5
  1841 | D:2      | Found a blossoming altar of Fedhas.
  1841 | D:2      | Found a glowing golden altar of the Shining One.
  2190 | D:3      | Noticed Sigmund
  2246 | D:3      | Killed Sigmund
  2246 | D:3      | Reached * piety under Okawaru
  2246 | D:3      | Reached skill level 5 in Fighting
  2246 | D:3      | Reached skill level 6 in Axes
  2246 | D:3      | Reached XP level 6. HP: 26/56 MP: 6/6
  2604 | D:3      | Found a bloodstained altar of Trog.
  2671 | D:4      | Got a pitted scale mail
  2682 | D:4      | Identified the cursed +0 scale mail of Duirauku {Int+4} (You found it on level 4 of the Dungeon)
  2699 | D:4      | Reached XP level 7. HP: 49/61 MP: 7/7
  3318 | D:4      | Reached ** piety under Okawaru
  3433 | D:5      | Entered Level 5 of the Dungeon
  3446 | D:5      | Reached skill level 7 in Axes
  3575 | D:5      | Found a deep blue altar of Sif Muna.
  3852 | D:5      | Found a glowing silver altar of Zin.
  3875 | D:5      | Reached skill level 5 in Armour
  3910 | D:5      | Reached XP level 8. HP: 71/71 MP: 8/8
  4113 | D:6      | Noticed Edmund
  4122 | D:6      | Reached skill level 1 in Shields
  4129 | D:6      | Killed Edmund
  4211 | D:6      | Reached skill level 8 in Axes
  4361 | D:6      | Found a staircase to the Ecumenical Temple.
  4823 | Temple   | Entered the Ecumenical Temple
  5377 | D:6      | Gained mutation: You regenerate slowly when monsters are visible. [potion of mutation]
  5377 | D:6      | Gained mutation: You are weak. (Str -2) [potion of mutation]
  5377 | D:6      | Gained mutation: Your magical capacity is low (-10% MP). [potion of mutation]
  5378 | D:6      | Gained mutation: You occasionally shout uncontrollably at your foes. [potion of mutation]
  5378 | D:6      | Gained mutation: Your spells are a little easier to cast, but a little less powerful. [potion of mutation]
  5378 | D:6      | Gained mutation: You have a pair of small antennae on your head. [potion of mutation]
  5392 | D:7      | Found a shadowy altar of Dithmenos.
  5467 | D:7      | Found a snail-covered altar of Cheibriados.
  5512 | D:7      | Reached *** piety under Okawaru
  5899 | D:7      | Reached XP level 9. HP: 79/81 MP: 8/8
  6079 | D:7      | Found an oddly glowing altar of Pakellas.
  6146 | D:7      | Reached skill level 9 in Axes
  6457 | D:8      | Reached skill level 5 in Shields
  6581 | D:8      | Reached **** piety under Okawaru
  6664 | D:8      | You fall through a shaft for 2 floors!
  6664 | D:10     | Entered Level 10 of the Dungeon
  6664 | D:10     | Noticed a hill giant
  6687 | D:10     | Killed a hill giant
  7144 | D:10     | Found Iwimoxil's Distillery.
  7156 | D:10     | Bought a potion of might for 56 gold pieces
  7156 | D:10     | Bought a potion of curing for 42 gold pieces
  7156 | D:10     | Bought a potion of berserk rage for 70 gold pieces
  7156 | D:10     | Bought a potion of might for 56 gold pieces
  7200 | D:9      | Found Otadoc's Assorted Antiques.
  7201 | D:9      | Found Uwkat's Book Emporium.
  7242 | D:9      | Reached skill level 10 in Axes
  7242 | D:9      | Reached XP level 10. HP: 91/91 MP: 9/9
  7290 | D:9      | Received a gift from Okawaru
  7364 | D:9      | Reached ***** piety under Okawaru
  7434 | D:9      | Found a shimmering altar of Xom.
  7437 | D:9      | Found a shimmering altar of Xom.
  7438 | D:9      | Found a shimmering altar of Xom.
  7438 | D:9      | Found a shimmering altar of Xom.
  7451 | D:9      | Found a shimmering altar of Xom.
  7529 | D:9      | Found a staircase to the Orcish Mines.
  7620 | D:9      | Reached skill level 10 in Fighting
  7865 | D:9      | Found Igygg's Weapon Emporium.
  8037 | D:9      | Found an opulent altar of Gozag.
  8074 | D:9      | Noticed a shining eye
  8220 | D:10     | Reached skill level 1 in Invocations
  8230 | D:10     | Found Dog Jyd's Armour Boutique.
  8265 | D:10     | Found a staircase to the Lair.
  8280 | D:10     | Noticed a hill giant
  8296 | D:10     | Killed a hill giant
  8296 | D:10     | Reached skill level 11 in Axes
  8467 | D:10     | Found Pyntotuf's Gadget Emporium.
  8532 | D:10     | Got an iridescent spear
  8533 | D:10     | Identified the +10 spear of Cenuz {pierce, rC+++ MP+9 Str-2 Dex-3} (You found it on level 10 of the Dungeon)
  8645 | D:10     | Lost mutation: You are weak. (Str -2) [potion of mutation]
  8645 | D:10     | Lost mutation: Your magical capacity is low (-10% MP). [potion of mutation]
  8768 | D:10     | Received a gift from Okawaru
  8827 | D:10     | Reached XP level 11. HP: 60/101 MP: 12/14
  9319 | D:11     | Slain by a molten gargoyle

Skill      XL: |  1  2  3  4  5  6  7  8  9 10 |
---------------+-------------------------------+-----
Fighting       | 3 4 5 6 7 9 10 | 10.8
Armour         | 1 2 3 4 5 6 7 9 |  9.2
Axes           | 5 6 7 8 10 11 | 11.6
Shields        | 3 5 6 |  6.7
Invocations    | 4 |  4.5
Throwing       | |  1.7
Dodging        | |  2.4

Action                   |  1- 3 |  4- 6 |  7- 9 | 10-12 || total
-------------------------+-------+-------+-------+-------++-------
Melee: War axe           |   120 |   216 |   379 |   285 ||  1000
       Spear             |       |       |       |    59 ||    59
Invok: Heroism           |       |       |     5 |     1 ||     6
  Use: Scroll            |     2 |     3 |     6 |    13 ||    24
       Potion            |       |       |     2 |     3 ||     5
 Stab: Sleeping          |     1 |       |       |       ||     1
  Eat: Chunk             |     1 |     5 |    13 |    10 ||    29
       Meat ration       |       |       |     1 |       ||     1
       Fruit             |       |       |       |     2 ||     2
Armor: Leather armour    |    18 |       |       |       ||    18
       Plate armour      |    41 |   163 |       |       ||   204
       Scale mail        |       |     8 |   143 |    85 ||   236
Dodge: Dodged            |    61 |    82 |   232 |   164 ||   539
Block: Buckler           |       |       |    63 |    77 ||   140
